cohdb
Replays
Latest Replays
All Replays
Popular Replays
Top Player Replays
Match Explorer
How It Works
Community
CoH3 Stats
Reddit
Sign in to upload your games and track your stats! →
Sign in with Steam
Match 46056059
Unlisted
Match 46056059
Overview
Messages
Build Orders
End
Construct Infanterie Kompanie
Medical Station
Selects Breakthrough Battlegroup
Selects Assault Grenadiers
Grenadier Squad
Grenadier Squad
MG 42 Machine Gun Team
Construct Panzergrenadier Kompanie
Selects Rapid Production
Selects Breakthrough
GrW 34 Mortar Team
Grenadier Squad
Panzergrenadier Squad
Support Elements
Selects Mechanized Assault Group
Panzergrenadier Squad
251 Medium Carrier
Nebelwerfer 42 Rocket Launcher Team
donot understand
Sad Pepe
0
0
Comments
sign in to comment!
No comments posted yet!